Map: Ruins of Endion

Players

IIIIIIIIIIII (TeebuL) - Winner!

  • Race: Protoss Protoss
  • League: Master

Miszu

  • Race: Terran Terran
  • League: Grandmaster

VOD

Have the link to the VOD?

Description

Time

  • Played on: May 26, 2016, 6:52 p.m.
  • Length: 2:32
Show
View Real Time Build Order
Export as new Build Order

IIIIIIIIIIII Protoss - Winner!

Build Orders:  

Get SALT Encoding   

  12  0:10  Pylon  
  12  0:15  Probe (Chrono Boost)  
  13  0:29  Gateway  
  13  0:33  Assimilator  
  13  0:37  Probe (Chrono Boost)  
  14  0:48  Probe (Chrono Boost)  
  15  0:59  Probe (Chrono Boost)  
  16  1:09  Probe (Chrono Boost)  
  17  1:16  Cybernetics Core  
  17  1:20  Probe (Chrono Boost)  
  17  1:22  Pylon  
  18  1:30  Probe (Chrono Boost)  
  19  1:53  Mothership Core (Chrono Boost)  
  21  1:54  Adept (Chrono Boost)  
  23  2:06  Nexus  
  23  2:12  Probe  
  24  2:15  Assimilator  
Show
View Real Time Build Order
Export as new Build Order

Miszu Terran 

Build Orders: Reaper Expand 

Get SALT Encoding   

  12  0:01  SCV  
  13  0:13  SCV  
  14  0:18  Supply Depot  
  14  0:25  SCV  
  15  0:39  SCV  
  15  0:40  Barracks  
  16  0:44  Refinery  
  16  0:51  SCV  
  17  1:03  SCV  
  18  1:16  SCV  
  19  1:29  Orbital Command  
  19  1:30  Reaper  
  20  1:42  Command Center  
  20  1:51  Supply Depot  
  20  1:55  SCV  
  21  2:08  Marine  
  22  2:15  Factory  
  22  2:16  SCV  
Tags
 
Add a new tag
Caveats
  • Supply blocks, unpowered buildings, or Contaminate may cause inaccurate times.
  • Supply counts are checked every 10 seconds.